 Dungeon Sprint DCSS version 0.28-a0-297-g99b01970c5 (webtiles) character file.

Game seed: 10957653509360077415

6083 Conn the Arsonist (level 10, 0/63 HPs)
             Began as an Octopode Fire Elementalist on Aug 29, 2021.
             Was a High Priest of Sif Muna.
             Slain by a nagaraja (16 damage)
             ... in the Dungeon (Sprint VII: "The Pits").
             The game lasted 00:32:36 (2495 turns).

Conn the Arsonist (Octopode Fire Elementalist)      Turns: 2495, Time: 00:32:36

Health: 0/63       AC:  1    Str: 15    XL:     10   Next: 88%
Magic:  8/26       EV: 16    Int: 26    God:    Sif Muna [*****.]
Gold:   0          SH:  0    Dex: 12    Spells: 17/33 levels left

rFire   . . .      SeeInvis .   p - +4 quarterstaff "Totrytsu" {drain, rElec Str+4}
rCold   . . .      Faith    .   (shield currently unavailable)
rNeg    . . .      Spirit   .   (helmet restricted)
rPois   .          Reflect  .   (no amulet)
rElec   +          Harm     .   l - +3 ring of strength
rCorr   .          Rampage  .   m - +3 ring of intelligence
Will    .....      NoTele   +   (no ring)
Stlth   +++++.....              (no ring)
HPRegen 0.20/turn               (no ring)
MPRegen 0.20/turn               (no ring)
                                (no ring)
                                (no ring)

@: hasted and slowed
A: almost no armour, amphibious, 8 rings, camouflage 1, gelatinous body 1,
(nimble swimmer 1), tentacles, tentacle spike 1, clever 1
a: Renounce Religion, Channel Magic, Forget Spell, Divine Exegesis


You were in the Dungeon.
You worshipped Sif Muna.
Sif Muna was extremely pleased with you.
You visited 1 branch

Inventory:

Hand Weapons
 b - a +0 dagger of venom
 g - a +2 dagger
 p - the +4 quarterstaff "Totrytsu" (weapon) {drain, rElec Str+4}
   (You found it in the Dungeon)

   A truly terrible weapon, it drains the life of any living foe it strikes.
   Str:       It affects your strength (+4).
   rElec:     It insulates you from electricity.
Jewellery
 l - a +3 ring of strength (left tentacle)
 m - a +3 ring of intelligence (right tentacle)
Scrolls
 i - 5 scrolls of amnesia
Potions
 a - 4 potions of curing
 d - 3 potions of magic
 e - 2 potions of berserk rage
 n - 2 potions of brilliance
 o - 2 potions of mutation
 q - a potion of might


   Skills:
 + Level 4.1 Fighting
 + Level 5.0 Short Blades
 + Level 1.5 Staves
 + Level 7.9 Dodging
 + Level 8.4 Stealth
 + Level 12.0 Spellcasting
 + Level 9.4 Conjurations
 + Level 4.8 Hexes
 + Level 14.3 Fire Magic
 - Level 6.2 Invocations


You had 17 spell levels left.
You knew the following spells:

 Your Spells              Type           Power      Damage    Failure   Level
a - Foxfire               Conj/Fire      100%       2x1d9     1%          1
b - Conjure Flame         Conj/Fire      67%        6-21      1%          3
c - Inner Flame           Hex/Fire       60%        N/A       1%          3
d - Sticky Flame          Conj/Fire      67%        2d8       1%          4
e - Fireball              Conj/Fire      33%        3d14      1%          5

Your spell library contained the following spells:

 Spells                   Type           Power      Damage    Failure   Level
 Ensorcelled Hibernation  Hex/Ice        56%        N/A       1%          2
 Slow                     Hex            40%        N/A       1%          2
 Confusing Touch          Hex            40%        N/A       1%          3
 Olgreb's Toxic Radiance  Pois           15%        N/A       36%         4
 Metabolic Englaciation   Hex/Ice        14%        N/A       36%         5
 Summon Mana Viper        Hex/Summ       28%        N/A       36%         5
 Yara's Violent Unravell  Hex/Tmut       14%        3d7       36%         5
 Ignition                 Fire           37%        3d11      56%         8
 Haunt                    Necr/Summ      7%         N/A       100%        7
 Ozocubu's Refrigeration  Ice            7%         4d6       100%        7
 Necromutation            Tmut/Necr      7%         N/A       100%        8


Dungeon Overview and Level Annotations

Branches:
Dungeon (1/1)

Altars:
Ashenzari
Cheibriados
Dithmenos
Elyvilon
Fedhas
Gozag
Hepliaklqana
Kikubaaqudgha
Makhleb
Nemelex Xobeh
Okawaru
Qazlal
Ru
Sif Muna
Trog
Uskayaw
Vehumet
Wu Jian
Xom
Yredelemnul
Zin
The Shining One
Beogh
Jiyva
Lugonu


Innate Abilities, Weirdness & Mutations

You cannot wear most types of armour.
You are amphibious.
You can wear up to eight rings at the same time.
Your skin changes colour to match your surroundings (Stealth+).
Your rubbery body absorbs attacks. (AC +1, EV +1)
((You are camouflaged near water. (Stealth+)))
You have tentacles for arms and can constrict up to eight enemies at once.
One of your tentacles bears a spike.
Your mind is acute. (Int +2)


Message History

The splash of poison hits you. You resist.
An orc warrior comes into view. It is wielding a +0 dire flail.
A ynoxinul comes into view.
Casting: Fireball (dangerous; 1% risk of failure)
Confirm with . or Enter, or press ? or * to list all spells.
Okay, then.
Okay, then.
Okay, then.
Casting: Fireball (dangerous; 1% risk of failure)
Confirm with . or Enter, or press ? or * to list all spells.
Aiming: Fireball (dangerous; 1% risk of failure)
Press: ? - help, Shift-Dir - straight line, f - orc high priest, p - nagaraja
Aim: an orc high priest, wielding a +0 dire flail
Okay, then.
Okay, then.
Unknown command.
Okay, then.
Okay, then.
Okay, then.
Casting: Fireball (dangerous; 1% risk of failure)
Confirm with . or Enter, or press ? or * to list all spells.
Aiming: Inner Flame (safe; 1% risk of failure)
Press: ? - help, Shift-Dir - straight line, f - orc high priest, p - nagaraja
Aim: an orc high priest, wielding a +0 dire flail (chance to affect: 76%)
Okay, then.
An orc comes into view. It is wielding a +0 club.
Your resistance to elements expires.
You feel sick.
The ynoxinul bellows!
The orc shouts!
The nagaraja points at you and mumbles some strange words.
The bolt of poison hits you!!
You are lethally poisoned!
* * * LOW HITPOINT WARNING * * *
You feel better. The nagaraja spits poison at you.
The splash of poison hits you.
You are poisoned.
* * * LOW HITPOINT WARNING * * *
You feel better. The nagaraja hits you with a +0 spear!
You die...

))..##.......###).###'###. .#
######.......##..##.....##..#
.#..###########..'.......o.o'
.#)############..##.....##..#
.#)#....#..[[###..###o###...#
.#)#....#..[[# ##..)....)..#
.#)'....'..))###.o3##'##..##
[#'#....#..).##.§N##...# ..#
.')#....#..))##.@###...# ..'
################## ##### ##


You could see a nagaraja (fast, catching breath), an orc high priest, a ynoxinul
and an orc warrior.

Vanquished Creatures
  A two-headed ogre (D)
  Sonja (D)
  A flayed ghost (D)
  A bog body (D)
  A phantasmal warrior (D)
  An orc sorcerer (D)
  An elephant (D)
  A black mamba (D)
  A kobold demonologist (D)
  A hellwing (D)
  A merfolk (D)
  A blink frog (D)
  A small abomination (D)
  A ynoxinul (D)
  4 yaks (D)
  An orc warrior (D)
  A necrophage (D)
  An ogre (D)
  A phantom (D)
  Blork the orc (D)
  A scorpion (D)
  A crimson imp (D)
  Crazy Yiuf (D)
  Ijyb (D)
  An orc wizard (D)
  A gnoll (D)
  An adder (D)
  A white imp (D)
  3 orcs (D)
  A ball python (D)
  2 endoplasms (D)
  A goblin (D)
  3 jackals (D)
  A kobold (D)
  3 quokkas (D)
  A rat (D)
46 creatures vanquished.

Vanquished Creatures (collateral kills)
  A scorpion (D)
  A foxfire (D)
2 creatures vanquished.

Vanquished Creatures (others)
  81 foxfires (D)
81 creatures vanquished.

Grand Total: 129 creatures vanquished

Notes
Turn   | Place    | Note
-------+----------+-------------------------------------------
     0 | D        | Conn the Octopode Fire Elementalist began the quest for the
                  | Orb.
     0 | D        | Reached XP level 1. HP: 11/11 MP: 3/3
    77 | D        | Found a bloodstained altar of Trog.
    77 | D        | Found a shimmering blue altar of Sif Muna.
    77 | D        | Found a viscous altar of Jiyva.
    77 | D        | Found a hazy altar of Hepliaklqana.
    77 | D        | Found an opulent altar of Gozag.
    78 | D        | Found a glowing golden altar of the Shining One.
    78 | D        | Found a glowing silver altar of Zin.
    78 | D        | Found a basalt altar of Yredelemnul.
    78 | D        | Found a shimmering altar of Xom.
    78 | D        | Found an ornate altar of the Wu Jian Council.
    78 | D        | Found a sacrificial altar of Ru.
    78 | D        | Found a stormy altar of Qazlal.
    78 | D        | Found an iron altar of Okawaru.
    78 | D        | Found a sparkling altar of Nemelex Xobeh.
    78 | D        | Found a burning altar of Makhleb.
    78 | D        | Found a blossoming altar of Fedhas.
    78 | D        | Found a white marble altar of Elyvilon.
    78 | D        | Found a shadowy altar of Dithmenos.
    78 | D        | Found a snail-covered altar of Cheibriados.
    79 | D        | Found a radiant altar of Vehumet.
    79 | D        | Found a corrupted altar of Lugonu.
    80 | D        | Found an ancient bone altar of Kikubaaqudgha.
    80 | D        | Found a hide-covered altar of Uskayaw.
    80 | D        | Found a broken altar of Ashenzari.
    87 | D        | Became a worshipper of Sif Muna the Loreminder
   102 | D        | Reached * piety under Sif Muna
   150 | D        | Reached XP level 2. HP: 2/17 MP: 2/5
   151 | D        | Reached skill level 4 in Fire Magic
   468 | D        | Reached ** piety under Sif Muna
   494 | D        | Noticed a phantom
   507 | D        | Killed a phantom
   508 | D        | Reached skill level 6 in Fire Magic
   508 | D        | Reached XP level 3. HP: 19/22 MP: 0/8
   508 | D        | Reached XP level 4. HP: 23/27 MP: 0/10
   517 | D        | Reached *** piety under Sif Muna
   659 | D        | Learned a level 3 spell: Conjure Flame
   663 | D        | Learned a level 3 spell: Inner Flame
   668 | D        | Learned a level 4 spell: Sticky Flame
   669 | D        | Noticed a necrophage
   680 | D        | Killed a necrophage
   681 | D        | Reached skill level 1 in Fighting
   681 | D        | Reached skill level 1 in Short Blades
   681 | D        | Reached skill level 5 in Stealth
   681 | D        | Reached skill level 5 in Spellcasting
   681 | D        | Reached skill level 8 in Fire Magic
   681 | D        | Reached XP level 5. HP: 33/33 MP: 1/12
   769 | D        | Noticed Crazy Yiuf
   788 | D        | Killed Crazy Yiuf
   926 | D        | Reached **** piety under Sif Muna
   927 | D        | Reached XP level 6. HP: 39/39 MP: 6/14
  1015 | D        | Noticed Ijyb
  1020 | D        | Killed Ijyb
  1021 | D        | Reached skill level 9 in Fire Magic
  1074 | D        | Noticed a blink frog
  1080 | D        | Killed a blink frog
  1081 | D        | Reached skill level 5 in Dodging
  1081 | D        | Reached XP level 7. HP: 45/45 MP: 7/16
  1151 | D        | Reached ***** piety under Sif Muna
  1151 | D        | Received a gift from Sif Muna
  1152 | D        | Reached skill level 10 in Fire Magic
  1160 | D        | Learned a level 5 spell: Fireball
  1234 | D        | Noticed a two-headed ogre
  1246 | D        | Killed a two-headed ogre
  1247 | D        | Reached skill level 1 in Hexes
  1247 | D        | Reached skill level 11 in Fire Magic
  1247 | D        | Reached XP level 8. HP: 19/52 MP: 10/19
  1479 | D        | Gained mutation: One of your tentacles bears a spike.
                  | [potion of mutation]
  1479 | D        | Gained mutation: Your mind is acute. (Int +2) [potion of
                  | mutation]
  1490 | D        | Got the +4 quarterstaff "Totrytsu" {drain, rElec Str+4}
  1562 | D        | Noticed a yak
  1562 | D        | Noticed a yak
  1562 | D        | Noticed a yak
  1562 | D        | Noticed a kobold demonologist
  1563 | D        | Noticed a yak
  1566 | D        | Killed a kobold demonologist
  1566 | D        | Noticed a phantasmal warrior
  1567 | D        | Reached skill level 5 in Conjurations
  1567 | D        | Reached skill level 5 in Invocations
  1569 | D        | Killed a yak
  1569 | D        | Killed a yak
  1570 | D        | Reached XP level 9. HP: 16/57 MP: 1/21
  1572 | D        | Reached skill level 5 in Short Blades
  1602 | D        | Killed a phantasmal warrior
  1602 | D        | Received a gift from Sif Muna
  1603 | D        | Reached skill level 12 in Fire Magic
  1603 | D        | Got Yprakk's Guide on Hexes and Dark Rituals {god gift}
  1674 | D        | Noticed a merfolk
  1681 | D        | Killed a merfolk
  1824 | D        | Noticed a flayed ghost
  1830 | D        | Killed a flayed ghost
  1831 | D        | Reached skill level 10 in Spellcasting
  1831 | D        | Reached skill level 13 in Fire Magic
  1929 | D        | Reached XP level 10. HP: 47/63 MP: 19/24
  2078 | D        | Noticed a black mamba
  2082 | D        | Noticed Blork the orc
  2090 | D        | Killed a black mamba
  2091 | D        | Noticed an elephant
  2114 | D        | Killed Blork the orc
  2292 | D        | Killed an elephant
  2305 | D        | Received a gift from Sif Muna
  2421 | D        | Noticed Sonja
  2455 | D        | Noticed a bog body
  2468 | D        | Killed Sonja
  2469 | D        | Reached skill level 1 in Staves
  2469 | D        | Reached skill level 14 in Fire Magic
  2470 | D        | Noticed an orc sorcerer
  2476 | D        | Killed an orc sorcerer
  2479 | D        | Noticed a nagaraja
  2482 | D        | Noticed an orc high priest
  2490 | D        | Killed a bog body
  2493 | D        | HP: 1/63 [nagaraja/bolt of poison (25)]
  2495 | D        | Slain by a nagaraja

Illustrated notes

Levels and vault maps discovered:
D:        pitsprint [storerooms_1, entrance_room_1, metal_vault_5, armoury_3,
          mini_pit_1, grid_room_1, main_hall_1, silver_pit, the_coven_3,
          the_vestibule_1, steel_vault_4, golden_pit, hallway_of_sentries,
          crystal_vault_1, iron_vault_4, final_vault]

Skill      XL: |  1  2  3  4  5  6  7  8  9 10 |
---------------+-------------------------------+-----
Stealth        | 3 4 5 6 7 8 |  8.4
Fire Magic     | 6 8 9 11 13 14 | 14.3
Dodging        | 3 4 5 6 7 |  7.9
Spellcasting   | 4 5 6 7 8 10 12 | 12.0
Conjurations   | 2 3 4 5 7 9 |  9.4
Fighting       | 1 2 3 4 |  4.1
Short Blades   | 1 2 3 4 5 |  5.0
Hexes          | 1 2 3 4 |  4.8
Invocations    | 4 6 |  6.2
Staves         | 1 |  1.5

Action                   |  1- 3 |  4- 6 |  7- 9 | 10-12 || total
-------------------------+-------+-------+-------+-------++-------
Melee: Dagger            |    14 |    14 |       |       ||    28
       Constrict         |     3 |     4 |       |     4 ||    11
       Tentacles         |     1 |     1 |       |     1 ||     3
       Quarterstaff      |       |       |     1 |    13 ||    14
       Kick              |       |       |       |     4 ||     4
 Cast: Foxfire           |    14 |    10 |    14 |    16 ||    54
       Inner Flame       |       |     1 |     9 |     8 ||    18
       Conjure Flame     |       |     1 |     2 |       ||     3
       Sticky Flame      |       |     5 |     2 |     6 ||    13
       Fireball          |       |       |    10 |     5 ||    15
Invok: Channel Magic     |       |       |     1 |     1 ||     2
  Use: Potion            |     2 |       |     5 |    10 ||    17
       Scroll            |       |       |     2 |       ||     2
 Stab: Invisible         |       |       |       |     1 ||     1
Armor: Skin              |     1 |     1 |       |     7 ||     9
Dodge: Dodged            |    11 |    13 |     2 |    81 ||   107

Table legend: (Time is in decaauts)
 A = Elapsed time spent in this place.
 B = Non-inter-level travel time spent in this place.
 C = Inter-level travel time spent in this place.
 D = Time resting spent in this place.
 E = Time spent auto-exploring this place.
 F = Levels seen in this place.
 G = Mean time per level.
                   A        B        C        D        E       F      G
               +--------+--------+--------+--------+--------+-----+--------+
         Total |   2488 |   2488 |      0 |   1635 |      0 |   1 | 2488.0 |
       Dungeon |   2488 |   2488 |      0 |   1635 |      0 |   1 | 2488.0 |
               +--------+--------+--------+--------+--------+-----+--------+

Top non-repeatable levels by time:
       D: 2488 daAuts
